 Dungeon Crawl Stone Soup version 0.22-a0-456-g11ed031 (webtiles) character file.

73 galech the Shield-Bearer (level 4, 0/29 HPs)
             Began as a Gargoyle Fighter on June 6, 2018.
             Slain by Sigmund
             ... wielding a +0 scythe
              (7 damage)
             ... on level 2 of the Dungeon.
             The game lasted 00:02:14 (1199 turns).

galech the Shield-Bearer (Gargoyle Fighter)         Turns: 1199, Time: 00:02:16

Health: 0/29       AC: 11    Str: 19    XL:     4   Next: 27%
Magic:  4/4        EV:  7    Int:  9    God:
Gold:   99         SH:  9    Dex: 10    Spells: 3/3 levels left

rFire    . . .     SeeInvis .   a - +0 flail
rCold    . . .     Gourm    .   c - +0 shield
rNeg     + . .     Faith    .   b - +0 scale mail
rPois    ∞         Spirit   .   (no helmet)
rElec    +         Reflect  .   (no cloak)
rCorr    .         Harm     .   g - +0 pair of gloves (curse)
MR       .....                  (no boots)
Stlth    ..........             (no amulet)
HPRegen  0.09/turn              (no ring)
MPRegen  0.09/turn              (no ring)

@: no status effects
A: negative energy resistance 1, electricity resistance, unbreathing,
petrification resistance, rot immunity, AC +3
a: no special abilities


You were on level 2 of the Dungeon.
You were not hungry.

You visited 1 branch of the dungeon, and saw 2 of its levels.

You collected 99 gold pieces.

Inventory:

Hand Weapons
 a - a +0 flail (weapon)
Armour
 b - a +0 scale mail (worn)
 c - a +0 shield (worn)
 g - a cursed +0 pair of gloves (worn)
Scrolls
 i - 3 scrolls of identify {unknown}
 j - a scroll of remove curse {unknown}
 k - a scroll of immolation {unknown}
 m - a scroll of fog {unknown}
 n - a scroll of enchant armour {unknown}
Potions
 d - a potion of might
 e - a potion of curing {unknown}
 h - a potion of heal wounds {unknown}
 l - a potion of resistance {unknown}
Comestibles
 f - 5 rations
 o - 2 chunks of flesh


   Skills:
 + Level 3.7 Fighting
 + Level 3.0 Maces & Flails
 + Level 3.9 Armour
 + Level 0.1 Dodging
 + Level 0.1 Stealth
 + Level 3.9 Shields


You had 3 spell levels left.
You didn't know any spells.
Your spell library was empty.

Dungeon Overview and Level Annotations

Branches:
Dungeon (2/15)

Altars:
Fedhas
Nemelex Xobeh
Qazlal
Ru
Trog
Uskayaw

Annotations:
D:2 Sigmund


Innate Abilities, Weirdness & Mutations

You are resistant to torment.
Your stone body is resilient. (AC +3)
You are immune to poison.
You resist negative energy. (rN+)
You are resistant to electric shocks. (rElec)
You can survive without breathing.
You are immune to petrification.
You are immune to rotting.


Message History

The adder bites you but does no damage. Something hits you but does no damage.
You hit the adder.
The adder is heavily wounded.
The adder completely misses you. The adder closely misses you.
Something hits you.
You thump the adder!
You kill the adder!
Something hits you!
You see here a giant cockroach corpse.
You sock something! Something hits you.
* * * LOW HITPOINT WARNING * * *
You miss something. Something hits you but does no damage.
You miss something. Something hits you.
* * * LOW HITPOINT WARNING * * *
You sock something!
You hear some strange, mumbled words.
A puff of flame appears from out of thin air!
You block the puff of flame.
You thump something! Something hits you!
You die...

..........# #.....####
.#####.......########
................)...#
#.#####.#######.###.# #.### #.#
#.# #...# #.# #.# #.#{# #.#
#.###### #.#@# #.###....... #S#.#
#......÷#### #.#.# #######.#
#.#.# #.# #.... #.# ..... #.#
..... #.# #############...... #.#
#_#_#_#_#_#.....[..#.#######.####


There were no monsters in sight!

Vanquished Creatures
  3 adders (D:2)
  3 worms (D:2)
  A dart slug (D:2)
  2 leopard geckos (D:2)
  A ball python (D:1)
  4 giant cockroaches
  3 jackals (D:1)
  4 kobolds
  3 bats
  2 frilled lizards
  3 goblins (D:1)
  6 rats
35 creatures vanquished.

Notes
Turn   | Place    | Note
-------+----------+-------------------------------------------
     0 | D:1      | galech the Gargoyle Fighter began the quest for the Orb.
     0 | D:1      | Reached XP level 1. HP: 14/14 MP: 1/1
    73 | D:1      | Reached XP level 2. HP: 8/19 MP: 2/2
   640 | D:2      | Found a sparkling altar of Nemelex Xobeh.
   651 | D:2      | Reached XP level 3. HP: 24/24 MP: 3/3
   652 | D:2      | Found a blossoming altar of Fedhas.
   654 | D:2      | Found a hide-covered altar of Uskayaw.
   655 | D:2      | Found a stormy altar of Qazlal.
   657 | D:2      | Found a sacrificial altar of Ru.
   849 | D:2      | Noticed a moth of wrath
   852 | D:2      | Found a bloodstained altar of Trog.
   998 | D:2      | Reached XP level 4. HP: 15/29 MP: 4/4
  1171 | D:2      | Noticed Sigmund
  1199 | D:2      | Slain by Sigmund

Vault maps used:
D:1:      dpeg_arrival_tiny_k
D:2:      tgw_trog, minitemple, first_ration, uniq_sigmund

Skill      XL: |  1  2  3  4 |
---------------+-------------+-----
Maces & Flails | 3 |  3.0
Fighting       | |  3.7
Armour         | |  3.9
Dodging        | |  0.1
Stealth        | |  0.1
Shields        | |  3.9

Action                   |  1- 3 |  4- 6 || total
-------------------------+-------+-------++-------
Melee: Flail             |   133 |    22 ||   155
  Eat: Chunk             |     1 |       ||     1
Armor: Scale mail        |   116 |    17 ||   133
Dodge: Dodged            |    79 |     9 ||    88
Block: Shield            |    98 |     5 ||   103

Table legend:
 A = Spawn XP
 B = Non-spawn XP
 C = Spawn XP percentage of total XP
 D = Spawn monster count
 E = Non-spawn monster count
 F = Spawn count percentage of total count
 G = Total turns spent on level
                    A         B        C        D         E        F      G
               +---------+---------+-------+---------+---------+-------+---------
         Total |       0 |     105 |   0.0 |       0 |      35 |   0.0 |  1199
               +---------+---------+-------+---------+---------+-------+---------
           D:1 |       0 |      26 |   0.0 |       0 |      16 |   0.0 |   589
           D:2 |       0 |      79 |   0.0 |       0 |      19 |   0.0 |   610
               +---------+---------+-------+---------+---------+-------+---------
